 Dungeon Crawl Stone Soup version 0.18-a0-1410-gdd1e41a (webtiles) character file.

20749 CopycatKevin the Severer (level 12, -20/169 HPs)
             Began as a Minotaur Berserker on Feb 24, 2016.
             Was a High Priest of Trog.
             Demolished by an enormous slime creature (51 damage)
             ... on level 12 of the Dungeon on Feb 25, 2016.
             The game lasted 01:24:38 (12145 turns).

CopycatKevin the Severer (Minotaur Berserker)      Turns: 12145, Time: 01:24:38

Health: -20/169    AC: 28    Str: 39    XL:     12   Next: 48%
Magic:  0/11       EV: 11    Int:  4    God:    Trog [*****.]
Gold:   362        SH:  4    Dex: 10    Spells: 0 memorised, 11 levels left

rFire  . . .     SeeInvis .     p - +2 war axe of Cowardice {chop, *Contam Str+7}
rCold  + . .     Gourm    .     s - +3 plate armour {rC+}
rNeg   . . .     Faith    .     j - +0 buckler {AC+3}
rPois  .         Spirit   +     (helmet unavailable)
rElec  .         Dismiss  .     y - +2 cloak
rCorr  .         Reflect  .     D - +0 pair of gloves
SustAt .         Harm     .     A - +0 pair of boots
MR     .....                    e - amulet of guardian spirit
Stlth  ..........               (no ring)
                                o - ring of flight

@: berserking, very quick, not resistant to hostile enchantments, extremely
unstealthy
A: retaliatory headbutt, hooves 1, horns 3, sturdy frame 1
a: Berserk, Trog's Hand, Brothers in Arms, Burn Spellbooks, Renounce Religion,
Evoke Flight


You were on level 12 of the Dungeon.
You worshipped Trog.
Trog was extremely pleased with you.
You were not hungry.

You visited 1 branch of the dungeon, and saw 12 of its levels.

You collected 815 gold pieces.
You spent 453 gold pieces at shops.

Inventory:

Hand Weapons
 p - the +2 war axe of Cowardice (weapon) {chop, *Contam Str+7}
   (Trog gifted it to you on level 11 of the Dungeon)

   It inflicts extra damage upon your enemies.
   It affects your strength (+7).
   It causes magical contamination when unequipped.
Armour
 j - a +0 buckler of protection (worn)
 s - a +3 plate armour of cold resistance (worn)
 y - a +2 cloak (worn)
 A - a +0 pair of boots (worn)
 C - a +4 scale mail of magic resistance
 D - a +0 pair of gloves (worn)
Jewellery
 e - an amulet of guardian spirit (around neck)
 o - a ring of flight (left hand)
Wands
 v - a wand of polymorph (15/24)
Scrolls
 a - a scroll of enchant weapon
 d - 10 scrolls of identify
 g - 8 scrolls of remove curse
 k - 3 scrolls of teleportation
 x - 3 scrolls of fear {unknown}
Potions
 f - a potion of flight
 h - a potion of ambrosia
 i - a potion of berserk rage
 m - 4 potions of degeneration
 n - a potion of haste
 q - a potion of brilliance
 r - 2 potions of cancellation {unknown}
 t - a potion of lignification
 B - a potion of resistance
Miscellaneous
 z - an ornate deck of wonders
Comestibles
 b - 2 meat rations
 c - a bread ration
 l - 3 slices of pizza
 u - 7 beef jerkies
 w - 2 royal jellies


   Skills:
 + Level 12.5 Fighting
 + Level 15.4 Axes
 + Level 12.6 Armour
 + Level 5.7 Dodging
 + Level 2.1 Stealth
 + Level 4.6 Shields


You had 11 spell levels left.
You didn't know any spells.

Dungeon Overview and Level Annotations

Branches:
Dungeon (12/15)            Temple (0/1) D:5            Lair (0/8) D:9
    Orc (0/2) D:11

Altars:
Dithmenos
Elyvilon
Fedhas
Gozag
Kikubaaqudgha
Nemelex Xobeh
Okawaru
Pakellas
Qazlal
Ru
Trog
Vehumet
Xom
The Shining One

Shops:
D:5 (   D:10 ?[


Innate Abilities, Weirdness & Mutations

You reflexively headbutt those who attack you in melee.
You have a pair of large horns on your head.
You have large cloven feet.
Your movements are slightly less encumbered by armour (ER -2).


Message History

You barely miss the enormous slime creature.
You headbutt the enormous slime creature!!
The enormous slime creature is lightly wounded.
The enormous slime creature hits you!!!
* * * LOW HITPOINT WARNING * * *
You are too injured to fight recklessly!
Drink which item? (? for menu, Esc to quit)
Okay, then.
A red film seems to cover your vision as you go berserk!
You feel yourself moving faster!
You feel mighty!
You feel somewhat more hungry.
The enormous slime creature barely misses you.
You slash the enormous slime creature!
You headbutt the enormous slime creature!
The enormous slime creature is lightly wounded.
You completely miss the enormous slime creature.
You headbutt the enormous slime creature!!
The enormous slime creature is moderately wounded.
The enormous slime creature hits you!!!
You die...

###########
......J@..#
#########.# .#
###.######## ..#
#>.........# ..####
#..######..# ..#...
..... #..# ###
#......###...
..###..####### #..
.......
#..................#
#.##.....#
#..#.....##..###....


You could see an enormous slime creature.

Vanquished Creatures
  Josephine (D:11)
  Harold (D:12)
  Sonja (D:11)
  Nergalle (D:11)
  An unseen horror (D:10)
  An orc knight (D:12)
  3 deep elf magi (D:12)
  2 hill giants
  2 cyclopes
  2 manticores
  A slime creature (D:12)
  An ugly thing (D:12)
  A centaur zombie (D:12)
  The ghost of Bregath the Shield-Bearer, a novice HOFi (D:5)
  4 gargoyles
  A tengu conjurer (D:12)
  A troll (D:11)
  A two-headed ogre (D:8)
  2 shadows
  7 yaks
  2 wyverns
  3 wraiths (D:11)
  A hungry ghost (D:12)
  2 hippogriffs
  A mottled dragon (D:12)
  Edmund (D:6)
  A soldier ant (D:12)
  2 water moccasins
  An ice beast (D:6)
  8 orc warriors
  An eye of draining (D:10)
  6 phantoms
  A sky beast (D:6)
  A necrophage (D:10)
  8 ogres
  2 centaurs
  2 crocodiles (D:9)
  A big kobold (shapeshifter) (D:12)
  5 big kobolds
  4 giant frogs
  4 gnoll sergeants (D:11)
  5 scorpions
  3 killer bees (D:11)
  An electric eel (D:9)
  5 wights (D:9)
  2 crimson imps
  2 giant frog zombies
  3 hounds
  3 jellies
  12 orc wizards
  5 orc priests
  Crazy Yiuf (D:6)
  3 centaur skeletons
  3 giant frog skeletons
  6 iguanas
  6 worker ants
  2 killer bee zombies
  2 sheep (D:11)
  A worker ant zombie (D:7)
  7 gnolls
  10 adders
  4 river rats (D:9)
  2 shadow imps
  2 oozes
  4 adder zombies
  2 adder skeletons
  A worm (D:5)
  A dart slug (D:4)
  7 giant geckos
  35 orcs
  A ball python (D:4)
  10 bats
  A bat zombie (D:5)
  5 giant cockroaches
  33 goblins
  20 hobgoblins
  4 jackals (D:9)
  4 quokkas
  2 giant gecko skeletons
  3 giant newts
  6 kobolds
  2 quokka skeletons
  12 rats
  3 fungi
  A plant (D:9)
339 creatures vanquished.

Vanquished Creatures (collateral kills)
  A rakshasa (D:12)
  A hydra (D:12)
  A harpy (D:12)
  A manticore (D:12)
  A yak (D:12)
  A giant frog zombie (D:12)
  An orc (D:12)
7 creatures vanquished.

Vanquished Creatures (others)
  2 fungi (D:9)
2 creatures vanquished.

Grand Total: 348 creatures vanquished

Notes
Turn   | Place    | Note
--------------------------------------------------------------
     0 | D:1      | CopycatKevin the Minotaur Berserker began the quest for the Orb.
     0 | D:1      | Reached XP level 1. HP: 19/19 MP: 0/0
   161 | D:1      | Reached XP level 2. HP: 24/27 MP: 1/1
   181 | D:1      | Reached skill level 4 in Axes
   798 | D:2      | Found a radiant altar of Vehumet.
   933 | D:2      | Found a bloodstained altar of Trog.
  1054 | D:2      | Found an opulent altar of Gozag.
  1181 | D:2      | Reached XP level 3. HP: 33/33 MP: 2/2
  1439 | D:3      | Reached XP level 4. HP: 32/41 MP: 3/3
  1619 | D:3      | Reached ** piety under Trog
  2331 | D:3      | Reached XP level 5. HP: 43/47 MP: 4/4
  2617 | D:4      | Reached skill level 5 in Fighting
  2730 | D:4      | Noticed an ogre
  2735 | D:4      | Killed an ogre
  2735 | D:4      | Reached skill level 5 in Axes
  2735 | D:4      | Reached skill level 1 in Stealth
  2859 | D:4      | Noticed a phantom
  2898 | D:4      | Killed a phantom
  2898 | D:4      | Reached XP level 6. HP: 39/56 MP: 5/5
  3240 | D:4      | Found an oddly glowing altar of Pakellas.
  3347 | D:5      | Entered Level 5 of the Dungeon
  3352 | D:5      | Found a shimmering altar of Xom.
  3356 | D:5      | Found an iron altar of Okawaru.
  3371 | D:5      | Found a staircase to the Ecumenical Temple.
  3395 | D:5      | Reached skill level 5 in Armour
  3426 | D:5      | Noticed Bregath's ghost (novice HOFi)
  3445 | D:6      | Noticed an orc warrior
  3454 | D:6      | Killed an orc warrior
  3454 | D:6      | Reached XP level 7. HP: 24/61 MP: 2/6
  3678 | D:5      | Killed Bregath's ghost
  3678 | D:5      | Reached skill level 6 in Axes
  3950 | D:5      | Reached XP level 8. HP: 70/70 MP: 7/7
  3962 | D:5      | Found Uduassat's Antique Weapon Shoppe.
  4036 | D:5      | Found an ancient bone altar of Kikubaaqudgha.
  4167 | D:5      | Reached *** piety under Trog
  4221 | D:5      | Reached skill level 7 in Axes
  4405 | D:5      | Reached **** piety under Trog
  4693 | D:5      | Found a bloodstained altar of Trog.
  5020 | D:6      | Reached skill level 8 in Axes
  5290 | D:6      | Found a white marble altar of Elyvilon.
  5560 | D:6      | Found a glowing golden altar of the Shining One.
  5607 | D:6      | Noticed Edmund
  5618 | D:6      | Killed Edmund
  5618 | D:6      | Reached XP level 9. HP: 74/81 MP: 6/8
  5755 | D:6      | Reached skill level 9 in Axes
  5860 | D:6      | Noticed Crazy Yiuf
  5861 | D:6      | Paralysed by Crazy Yiuf for 4 turns
  5865 | D:6      | Killed Crazy Yiuf
  6031 | D:7      | Found a blossoming altar of Fedhas.
  6399 | D:7      | Found a stormy altar of Qazlal.
  6445 | D:7      | Found a sacrificial altar of Ru.
  6533 | D:7      | Found a shadowy altar of Dithmenos.
  6610 | D:7      | You fall through a shaft!
  6840 | D:8      | Found a sparkling altar of Nemelex Xobeh.
  6986 | D:8      | Reached skill level 10 in Axes
  7410 | D:9      | Reached ***** piety under Trog
  7516 | D:9      | Reached XP level 10. HP: 80/91 MP: 9/9
  7521 | D:9      | Reached skill level 11 in Axes
  8080 | D:9      | Found a staircase to the Lair.
  8087 | D:9      | Reached skill level 5 in Dodging
  8236 | D:9      | Reached skill level 10 in Armour
  8539 | D:10     | Entered Level 10 of the Dungeon
  8728 | D:10     | Found Goequzur's Antique Armour Emporium.
  8742 | D:10     | Bought a pair of boots for 112 gold pieces
  8909 | D:10     | Bought a glowing buckler for 112 gold pieces
  9005 | D:10     | Killed an unseen horror
  9189 | D:10     | Found Ahiben's Magic Scroll Emporium.
  9197 | D:10     | Bought a scroll of enchant weapon for 127 gold pieces
  9197 | D:10     | Bought a scroll of identify for 34 gold pieces
  9197 | D:10     | Bought a scroll of identify for 34 gold pieces
  9197 | D:10     | Bought a scroll of identify for 34 gold pieces
  9668 | D:11     | Noticed a manticore
  9675 | D:11     | Killed a manticore
  9675 | D:11     | Reached skill level 12 in Axes
  9758 | D:11     | Reached skill level 10 in Fighting
  9859 | D:11     | Noticed a gargoyle
  9861 | D:11     | Reached skill level 1 in Shields
  9864 | D:11     | Received a gift from Trog
  9891 | D:11     | Killed a gargoyle
  9891 | D:11     | Reached XP level 11. HP: 70/101 MP: 8/10
  9898 | D:11     | Got a dazzling war axe {god gift}
  9899 | D:11     | Identified the +2 war axe of Cowardice {chop, *Contam Str+7} (Trog gifted it to you on level 11 of the Dungeon)
  9909 | D:11     | Gained mutation: You have a pair of large horns on your head. [potion of mutation]
  9909 | D:11     | Gained mutation: Your movements are slightly less encumbered by armour (ER -2). [potion of mutation]
  9909 | D:11     | Gained mutation: You have large cloven feet. [potion of mutation]
  9984 | D:11     | Reached skill level 13 in Axes
 10100 | D:11     | Noticed Josephine
 10111 | D:11     | Killed Josephine
 10151 | D:11     | Upgraded the game from 0.18-a0-1408-g69e564c to 0.18-a0-1410-gdd1e41a
 10276 | D:11     | Noticed Sonja
 10286 | D:11     | Killed Sonja
 10516 | D:11     | Noticed a hill giant
 10524 | D:11     | Killed a hill giant
 10724 | D:11     | Noticed Nergalle
 10743 | D:11     | Killed Nergalle
 10925 | D:11     | Found a staircase to the Orcish Mines.
 10929 | D:11     | Reached skill level 14 in Axes
 11297 | D:12     | Noticed a hill giant
 11307 | D:12     | Noticed a cyan ugly thing
 11307 | D:12     | Killed a hill giant
 11309 | D:12     | Noticed Harold
 11324 | D:12     | Killed a cyan ugly thing
 11330 | D:12     | Killed Harold
 11593 | D:12     | Noticed a deep elf mage
 11601 | D:12     | Killed a deep elf mage
 11601 | D:12     | Reached XP level 12. HP: 94/112 MP: 11/11
 11739 | D:12     | Noticed an eight-headed hydra
 11740 | D:12     | Reached skill level 15 in Axes
 11745 | D:12     | Killed an eight-headed hydra
 11747 | D:12     | Noticed a rakshasa
 11754 | D:12     | Killed a rakshasa
 12145 | D:12     | Demolished by an enormous slime creature

Vault maps used:
D:1:      dpeg_arrival_radiant
D:2:      overflow_temple_1_default, vehumet_crystals,
          nicolae_gozag_cash_rules_everything_around_me
D:3:      first_bread
D:4:      kennysheep_mini_moat
D:5:      minmay_goblin_kobold_castle, lemuel_zombie_altar_kikubaaqudgha,
          grunt_temple_overflow_open, minmay_temple_entry_overgrown,
          serial_shops, nicolae_shop_crystal, trog_book
D:6:      tso_oasis_becter, kennysheep_little_box, uniq_edmund,
          uniq_crazy_yiuf_cottage
D:7:      nicolae_overflow_hidden_temple, overflow_temple_1_default,
          nicolae_qazlal_general_emergency, fedhas_bush_and_centaur_altar
D:8:      overflow_temple_1_default
D:9:      grunt_lair_entry_orc_guard_hut, grunt_ogre_cave, water_maze_lemuel
D:10:     serial_shops, nicolae_shop_crystal, shop
D:11:     kennysheep_orc_monster_closet_entryway, kennysheep_nub,
          roderic_lattice_a, item_on_display_a, uniq_nergalle, uniq_sonja,
          uniq_josephine
D:12:     hangedman_cross_cluster, nicolae_tso_swordbearing_angel, uniq_harold

Skill      XL: |  1  2  3  4  5  6  7  8  9 10 11 12 |
---------------+-------------------------------------+-----
Axes           | 4 5 6 8 10 12 14 15 | 15.4
Fighting       | 4 5 6 7 9 10 11 12 | 12.5
Dodging        | 3 4 5 |  5.7
Armour         | 3 4 5 7 8 9 10 12 | 12.6
Stealth        | 1 2 |  2.1
Shields        | 1 4 |  4.6

Action                   |  1- 3 |  4- 6 |  7- 9 | 10-12 || total
-------------------------+-------+-------+-------+-------++-------
Melee: Hand axe          |    43 |    47 |       |       ||    90
       War axe           |       |    60 |   348 |   439 ||   847
Invok: Berserk           |     1 |     2 |     4 |     5 ||    12
       Burn Spellbooks   |       |       |       |     3 ||     3
       Brothers in Arms  |       |       |       |     3 ||     3
  Use: Scroll            |     1 |     8 |     5 |     5 ||    19
       Potion            |       |     1 |       |    12 ||    13
  Eat: Chunk             |     1 |     7 |     8 |     3 ||    19
       Bread ration      |       |     1 |     2 |     6 ||     9
